 Dungeon Crawl Stone Soup version 0.19.4-9-g45fd643 (webtiles) character file.

106 NinoLikesCookies the Chiller (level 4, -5/33 HPs)
             Began as a Draconian Ice Elementalist on Feb 16, 2017.
             Slain by a gnoll
             ... wielding a cursed -2 spear
              (6 damage)
             ... on level 2 of the Dungeon.
             The game lasted 00:18:25 (2093 turns).

NinoLikesCookies the Chiller (DrIE)                 Turns: 2093, Time: 00:18:25

Health: -5/33      AC:  7    Str: 10    XL:     4   Next: 55%
Magic:  0/8        EV: 17    Int: 17    God:
Gold:   108        SH:  0    Dex: 16    Spells: 2 memorised, 5 levels left

rFire  . . .     SeeInvis .     d - +0 club
rCold  . . .     Gourm    .     (armour unavailable)
rNeg   . . .     Faith    .     (no shield)
rPois  .         Spirit   .     (helmet restricted)
rElec  .         Reflect  .     j - +0 cloak
rCorr  .         Harm     .     h - +0 pair of gloves
MR     .....                    (no boots)
Stlth  +++.......               (no amulet)
                                (no ring)
                                (no ring)

@: agile
A: unfitting armour, cold-blooded, AC +5
a: no special abilities


You were on level 2 of the Dungeon.
You were not hungry.

You visited 1 branch of the dungeon, and saw 2 of its levels.

You collected 108 gold pieces.

Inventory:

Hand Weapons
 d - a +0 club (weapon)
Missiles
 e - 84 arrows
 g - 5 stones (quivered)
 i - 35 sling bullets
Armour
 f - a +0 centaur barding
 h - a +0 pair of gloves (worn)
 j - a +0 cloak (worn)
Potions
 o - a potion of lignification
Books
 a - a book of Frost

   Spells                             Type                      Level
   a - Freeze                         Ice                          1
   b - Throw Frost                    Conjuration/Ice              2
   c - Ozocubu's Armour               Charms/Ice                   3
   d - Throw Icicle                   Conjuration/Ice              4
   e - Summon Ice Beast               Ice/Summoning                4
Comestibles
 b - a bread ration
 k - 2 fruits


   Skills:
 - Level 1.8 Dodging
 - Level 1.7 Stealth
 + Level 2.9 Spellcasting
 - Level 1.0 Conjurations
 + Level 4.8 Ice Magic


You had 5 spell levels left.
You knew the following spells:

 Your Spells              Type           Power        Failure   Level  Hunger
a - Freeze                Ice            ###.         2%          1    #......
b - Throw Frost           Conj/Ice       ##....       10%         2    ##.....


Dungeon Overview and Level Annotations

Branches:
Dungeon (2/15)

Altars:


Innate Abilities, Weirdness & Mutations

Your plain brown scales are hard. (AC +5)
You cannot fit into any form of body armour.
You are cold-blooded and may be slowed by cold attacks.


Message History

The gnoll hits you from afar with an enchanted spear.
* * * LOW HITPOINT WARNING * * *
Your magical contamination has completely faded away.
The gnoll barely misses you. The gnoll hits you but does no damage.
Casting: Freeze
Confirm with . or Enter, or press ? or * to list all spells.
Aiming: Freeze
Press: ? - help, Shift-Dir - straight line, f - gnoll
Aim: a gnoll, wielding an enchanted spear You freeze the gnoll.
The gnoll is lightly wounded.
The gnoll completely misses you.
You completely miss the gnoll.
The gnoll is lightly wounded.
The gnoll barely misses you.
You hit the gnoll.
The gnoll is moderately wounded.
The gnoll hits you with an enchanted spear.
You die...

.........# ######.#.#.#.....#
.........# #g#g#.#.######
.......).# #.#.#........#
#.......g# #g#g##..####.#
#........# #g#..#..#
#........########.##.#..#
#.........(g.g....##..#.# .#
#.........###########.#.##.#
#.........# #.@g..w.#....#
..........# #.#####..#.#
...######## ###......#.# ..#
##....## ###.......##### .#
#.8..8.# ##.##........... #
#......# #...##.....####
##....## ##.####...>w..# ##
###.##.######'#####.'#.#.#
.###.##''##.#8#.8.#8##....#.#


You could see a worm and a gnoll.

Vanquished Creatures
  4 gnolls
  2 worms (D:2)
  3 dart slugs
  5 leopard geckos
  4 orcs (D:2)
  2 giant cockroaches
  7 goblins
  5 hobgoblins
  A quokka (D:2)
  7 bats
  4 kobolds
  4 rats
48 creatures vanquished.

Notes
Turn   | Place    | Note
-------+----------+-------------------------------------------
     0 | D:1      | NinoLikesCookies the Draconian Ice Elementalist began the quest for the Orb.
     0 | D:1      | Reached XP level 1. HP: 14/14 MP: 3/3
   136 | D:1      | Reached XP level 2. HP: 20/20 MP: 0/5
   444 | D:1      | Reached skill level 4 in Ice Magic
   710 | D:1      | Reached XP level 3. HP: 26/26 MP: 3/6
  1600 | D:2      | Learned a level 2 spell: Throw Frost
  1923 | D:2      | Reached XP level 4. HP: 23/33 MP: 0/7
  2082 | D:2      | HP: 1/33 [gnoll/club (3)]
  2087 | D:2      | HP: 1/33 [gnoll/enchanted spear (1)]
  2093 | D:2      | Slain by a gnoll

Skill      XL: |  1  2 |
---------------+-------+-----
Ice Magic      | 4 |  4.8
Dodging        | |  1.8
Stealth        | |  1.7
Spellcasting   | |  2.9
Conjurations   | |  1.0

Action                   |  1- 3 |  4- 6 || total
-------------------------+-------+-------++-------
Melee: Club              |    21 |    19 ||    40
       Tailslap          |     2 |       ||     2
Throw: Stone             |       |    20 ||    20
 Cast: Freeze            |    56 |    13 ||    69
       Throw Frost       |     4 |     2 ||     6
  Use: Scroll            |     4 |     1 ||     5
       Potion            |     2 |     3 ||     5
  Eat: Chunk             |     2 |       ||     2
       Bread ration      |     1 |       ||     1
Armor: Skin              |    23 |    49 ||    72
Dodge: Dodged            |    45 |    51 ||    96
